 Dungeon Crawl Stone Soup version 0.30.1-9-gdf580d7c3d (webtiles) character file.

Game seed: 4331018229144673541

18 growler the Gusty (level 2, -6/15 HPs)
             Began as a Tengu Air Elementalist on Oct 12, 2023.
             Mangled by a gnoll
             ... wielding a +0 whip
              (7 damage)
             ... on level 2 of the Dungeon.
             The game lasted 00:01:47 (1008 turns).

growler the Gusty (Tengu Air Elementalist)          Turns: 1008, Time: 00:01:48

Health: -6/15      AC:  2    Str:  8    XL:     2   Next: 70%
Magic:  0/6        EV: 12    Int: 15    God:
Gold:   84         SH:  0    Dex: 14    Spells: 4/5 levels left

rFire   . . .        (no weapon)
rCold   . . .        (no shield)
rNeg    . . .        a - +0 robe
rPois   .            (helmet restricted)
rElec   .            (no cloak)
rCorr   .            (no gloves)
SInv    .            (boots unavailable)
Will    .....        (no amulet)
Stlth   ++           (no ring)
HPRegen 0.22/turn    (no ring)
MPRegen 0.10/turn

%: no passive effects
@: no status effects
A: beak, talons 3
a: no special abilities


You were on level 2 of the Dungeon.
You visited 1 branch of the dungeon, and saw 2 of its levels.

You collected 84 gold pieces.

Inventory:

Armour
 a - a +0 robe (worn)
Scrolls
 d - a scroll of amnesia {unknown}
 e - 2 scrolls of identify {unknown}
Potions
 b - a potion of magic
 c - a potion of might {unknown}
 f - a potion of degeneration {unknown}


   Skills:
 - Level 2.1 Dodging
 - Level 2.0 Stealth
 + Level 2.3 Spellcasting
 + Level 2.3 Conjurations
 + Level 4.4 Air Magic


You had 4 spell levels left.
You knew the following spells:

 Your Spells              Type           Power      Damage    Failure   Level
a - Shock                 Conj/Air       44%        1d5       5%          1

Your spell library contained the following spells:

 Spells                   Type           Power      Damage    Failure   Level
 Static Discharge         Conj/Air       22%        2-3/arc   9%          2
 Swiftness                Air            15%        N/A       11%         3
 Airstrike                Air            7%         2d(2-18)  34%         4


Dungeon Overview and Level Annotations

Branches:
Dungeon (2/15)

Altars:


Innate Abilities, Weirdness & Mutations

You have a beak for a mouth.
You have claws for feet.


Message History

You are very lightly contaminated with residual magic.
Nothing appears to happen.
The zap hits the gnoll.
The gnoll is moderately wounded.
The zap misses the gnoll.
The zap hits the gnoll.
The gnoll is moderately wounded.
A gnoll comes into view. It is wielding a +0 spear.
The zap hits the gnoll.
The gnoll is moderately wounded.
The gnoll shouts!
Your magical contamination has completely faded away.
The gnoll attacks as you move away! The gnoll hits you with a +0 whip.
The gnoll attacks as you move away! The gnoll misses you.
The gnoll attacks as you move away! The gnoll hits you with a +0 whip.
The gnoll attacks as you move away! The gnoll hits you but does no damage.
Casting: Shock (safe; 5% risk of failure)
Confirm with . or Enter, or press ? or * to list all spells.
Aiming: Shock (safe; 5% risk of failure)
Press: ? - help, Shift-Dir - straight line, f/p - gnoll
Aim: a gnoll, wielding a +0 whip (moderately wounded, 72% to hit)
The zap hits the gnoll.
The gnoll is heavily wounded.
The zap hits the gnoll.
The gnoll is almost dead.
The gnoll hits you with a +0 whip!
Ouch! That really hurt!
* * * LOW HITPOINT WARNING * * *
Unknown command.
Casting: Shock (safe; 5% risk of failure)
Confirm with . or Enter, or press ? or * to list all spells.
Aiming: Shock (safe; 5% risk of failure)
Press: ? - help, Shift-Dir - straight line, f/p - gnoll
Aim: a gnoll, wielding a +0 whip (almost dead, 72% to hit)
The zap hits the gnoll but does no damage.
The gnoll is almost dead.
The zap hits the gnoll.
The gnoll is almost dead.
The gnoll hits you with a +0 whip!
You die...

... .......### .....
#.........
...#"########.......#
....†...............##
.....g.....g...........#
#.##.##.##......# #.# .#
.#...............# #.##.#
...................# #.##.#
.....##.#..##..g@†.###.##.#
....^...#..##........#.##.#
.....##.#..##......#.#.##.#
.... #.....)........#.##.#
.#.
....................######
#....##..##.[............#
.....#....#.#######.####.#
...........#.# #.# #.#
.#... #.# #####.####.#


You could see 2 gnolls.

Vanquished Creatures
  An endoplasm (D:1)
  3 giant cockroaches
  2 goblins (D:1)
  A hobgoblin (D:1)
  A quokka (D:1)
  3 ball pythons
  3 bats (D:2)
  2 kobolds (D:1)
16 creatures vanquished.

Notes
Turn   | Place    | Note
-------+----------+-------------------------------------------
     0 | D:1      | growler the Tengu Air Elementalist began the quest for the
                  | Orb.
     0 | D:1      | Reached XP level 1. HP: 10/10 MP: 4/4
   105 | D:1      | Found a faded altar of an unknown god.
   403 | D:1      | Reached XP level 2. HP: 14/15 MP: 1/6
  1008 | D:2      | Mangled by a gnoll

Illustrated notes

Levels and vault maps discovered:
D:1:      dpeg_arrival_ternary, layout_basic,
          hellmonk_ecumenical_altar_crossroads
D:2:      layout_basic, uniq_sigmund

Skill      XL: |  1  2 |
---------------+-------+-----
Conjurations   | 2 |  2.3
Dodging        | |  2.1
Stealth        | |  2.0
Spellcasting   | |  2.3
Air Magic      | |  4.4

Action                     || total
---------------------------++-------
  Melee: Unarmed           ||    16
         Punch             ||     1
         Kick              ||     4
         Peck              ||     3
   Cast: Shock             ||    37
 Armour: Robe              ||     4
  Dodge: Dodged            ||    15
